Minnesota North Stars vs Edmonton Oilers
Created - Monday, April 8, 2024 at 07:22
Goals
|
| Minnesota North Stars |
1 |
0 |
0 |
1 |
| Edmonton Oilers |
0 |
2 |
1 |
3 |
|
Shots
|
| Minnesota North Stars |
13 |
10 |
3 |
26 |
| Edmonton Oilers |
9 |
20 |
6 |
35 |
|
1st period
1. Minnesota North Stars , Jeff Skinner 15 (Gustav Forsling 11) at 8:55
Penalties :
No Penalty
2nd period
2. Edmonton Oilers , Adrian Kempe 19 (Brock Boeser 26, Boone Jenner 30) at 1:45 (PP)
3. Edmonton Oilers , David Perron 14 (Adrian Kempe 31, Boone Jenner 31) at 12:01
Penalties :
Sean Durzi (MNS) for Roughing (Minor) at 1:37, Mikael Backlund (EDM) for Cross-checking (Minor) at 7:09
3rd period
4. Edmonton Oilers , Alex Iafallo 9 (Derek Grant 7, Tanner Jeannot 4) at 19:59 (Empty Net)
Penalties :
Blake Wheeler (EDM) for Slashing (Minor) at 2:20, Sean Durzi (MNS) for Hooking (Minor) at 14:58
Goalie Stats
Antti Raanta (MNS), 32 saves from 34 shots - (0.941), L, 13-8-1, 59:21 minutes
Juuse Saros (EDM), 25 saves from 26 shots - (0.962), W, 26-16-2, 60:00 minutes
Players Stats for Minnesota North Stars
Player Name G A P +/- PIM S H SB GA TA FO MP PP MP PK MP
------------------------------------------------------------------------------------
Adam Lowry 0 0 0 0 0 0 0 1 0 0 0/3 11:23 0:23 0:57
Brandon Montour 0 0 0 0 0 1 2 1 1 1 0/0 21:16 1:45 0:00
Brock Nelson 0 0 0 0 0 3 2 0 0 1 0/0 17:57 2:10 0:00
Derick Brassard 0 0 0 0 0 1 1 1 0 0 0/0 9:48 0:00 0:00
Evan Rodrigues 0 0 0 0 0 0 1 0 0 1 0/1 14:12 0:00 0:00
Evgeni Malkin 0 0 0 -1 0 1 1 0 1 1 4/14 14:44 0:00 0:19
Frank Vatrano 0 0 0 -1 0 3 0 0 0 0 0/0 15:53 1:48 0:00
Gustav Forsling 0 1 1 0 0 0 0 1 0 0 0/0 20:07 1:45 0:56
Jack Hughes 0 0 0 0 0 3 1 0 0 1 5/17 16:26 2:10 0:00
Jamie Oleksiak 0 0 0 -1 0 1 0 2 0 2 0/0 19:07 0:00 1:11
Jeff Skinner 1 0 1 0 0 3 1 0 1 0 0/0 18:19 2:10 0:19
Jonathan Toews 0 0 0 0 0 1 0 1 1 0 0/2 10:39 0:00 0:51
Neal Pionk 0 0 0 0 0 1 0 2 0 1 0/0 19:44 0:38 1:11
Rasmus Dahlin 0 0 0 -1 0 2 2 0 0 2 0/0 20:04 2:13 0:56
Ryan Nugent-Hopkins 0 0 0 0 0 3 2 1 2 0 8/13 17:59 1:48 0:51
Sean Durzi 0 0 0 0 4 0 2 2 0 1 0/0 19:43 1:35 0:00
Viktor Arvidsson 0 0 0 0 0 2 2 1 2 0 0/0 14:18 0:00 0:00
Zach Parise 0 0 0 -1 0 1 1 1 0 0 0/0 16:12 1:25 0:57
Players Stats for Edmonton Oilers
Player Name G A P +/- PIM S H SB GA TA FO MP PP MP PK MP
------------------------------------------------------------------------------------
Adrian Kempe 1 1 2 1 0 3 2 0 1 3 0/1 17:10 1:15 0:00
Alex Iafallo 1 0 1 0 0 2 3 0 0 0 3/4 14:31 0:00 1:47
Blake Wheeler 0 0 0 -1 2 2 1 0 2 0 0/0 12:50 1:05 0:00
Boone Jenner 0 2 2 1 0 4 1 1 3 0 12/16 16:58 1:15 0:00
Brandon Carlo 0 0 0 0 0 1 0 0 1 0 0/0 23:26 0:00 1:22
Brett Pesce 0 0 0 0 0 0 0 2 0 1 0/0 19:13 1:02 0:47
Brock Boeser 0 1 1 0 0 3 1 1 1 0 1/1 17:26 1:15 0:00
David Perron 1 0 1 1 0 4 3 0 1 0 0/0 17:29 0:52 0:08
Dawson Mercer 0 0 0 0 0 1 0 1 2 0 0/0 10:14 1:02 0:00
Derek Grant 0 1 1 1 0 5 1 1 0 0 3/7 11:50 0:00 2:03
Evan Bouchard 0 0 0 0 0 1 1 2 0 2 0/0 20:55 1:05 2:01
Jacob Trouba 0 0 0 -1 0 0 1 1 0 1 0/0 20:14 0:00 1:37
Jake DeBrusk 0 0 0 0 0 2 1 0 0 0 0/0 17:10 0:52 0:00
Jeff Carter 0 0 0 -1 0 2 2 0 0 0 5/6 13:01 0:00 1:47
Mikael Backlund 0 0 0 0 2 3 2 0 0 1 9/15 17:30 0:52 0:08
Ryker Evans 0 0 0 1 0 0 0 0 0 0 0/0 14:38 0:00 0:08
Scott Mayfield 0 0 0 2 0 1 3 1 0 0 0/0 19:17 0:00 2:01
Tanner Jeannot 0 1 1 1 0 1 2 0 0 0 0/0 12:08 0:00 2:03
3 Stars
1 - Adrian Kempe (EDM)
2 - David Perron (EDM)
3 - Juuse Saros (EDM)
Power Play
Minnesota North Stars - 0 on 2 Attempt(s) - 0.00%
Edmonton Oilers - 1 on 2 Attempt(s) - 50.00%
Penalty Kill
Minnesota North Stars - 1 on 2 Attempt(s) - 50.00%
- Score 0 goal in Penalty Kill
Edmonton Oilers - 2 on 2 Attempt(s) - 100.00%
- Score 0 goal in Penalty Kill
Team Stat
Minnesota North Stars - Hits : 18 - Faceoff Wins : 17 - Blocked Shots : 14 - Penalty Minutes : 4
Edmonton Oilers - Hits : 24 - Faceoff Wins : 33 - Blocked Shots : 10 - Penalty Minutes : 4
Official
Referees : Garrett Rank and Brian Pochmara
Linesman : Tim Nowak and Pierre Racicot
Game Notes
Alex Iafallo has scored in a empty net!
Finance
Level 1 -- Attendance: 6000 (100.00%) -- Ticket Income $540,000
Level 2 -- Attendance: 4595 (91.90%) -- Ticket Income $229,750
Level 3 -- Attendance: 3000 (100.00%) -- Ticket Income $90,000
Level 4 -- Attendance: 5000 (100.00%) -- Ticket Income $100,000
Luxury Box -- Attendance: 982 (98.20%) -- Ticket Income $186,580
Game was played at the Rexall Place.
Total Attendance: 19577 (97.89%)
Total Ticket Income: $1,146,330
Other Income: $401,216
Total Income: $1,547,546
Minnesota North Stars
5 vs 5 Forward
Center Left Wing Right Wing Time % Phy DF OF
1 Ryan Nugent-Hopkins Brock Nelson Jeff Skinner 29 1 2 2
2 Evgeni Malkin Frank Vatrano Zach Parise 29 1 1 3
3 Jack Hughes Evan Rodrigues Viktor Arvidsson 29 1 1 3
4 Adam Lowry Derick Brassard Jonathan Toews 13 1 2 2
5 vs 5 Defense
Defense Defense Time % Phy DF OF
1 Rasmus Dahlin Jamie Oleksiak 34 1 2 2
2 Brandon Montour Neal Pionk 33 1 2 2
3 Gustav Forsling Sean Durzi 33 1 2 2
4 Jamie Oleksiak Brandon Montour 0 1 2 2
PowerPlay Forward
Center Left Wing Right Wing Time % Phy DF OF
1 Ryan Nugent-Hopkins Frank Vatrano Zach Parise 50 1 1 3
2 Jack Hughes Brock Nelson Jeff Skinner 50 1 1 3
PowerPlay Defense
Defense Defense Time % Phy DF OF
1 Rasmus Dahlin Sean Durzi 50 1 2 2
2 Brandon Montour Gustav Forsling 50 1 2 2
Penalty Kill 4 Players Forward
Center Wing Time % Phy DF OF
1 Jonathan Toews Ryan Nugent-Hopkins 50 1 3 1
2 Adam Lowry Zach Parise 50 2 2 1
Penalty Kill 4 Players Defense
Defense Defense Time % Phy DF OF
1 Jamie Oleksiak Neal Pionk 50 1 3 1
2 Rasmus Dahlin Gustav Forsling 50 1 3 1
Penalty Kill - 3 Players Forward
Forward Time % Phy DF OF
1 Ryan Nugent-Hopkins 50 1 3 1
2 Jonathan Toews 50 1 3 1
Penalty Kill - 3 Players Defense
Defense Defense Time % Phy DF OF
1 Jamie Oleksiak Neal Pionk 50 1 3 1
2 Rasmus Dahlin Gustav Forsling 50 1 3 1
4 vs 4 Forward
Center Wing Time % Phy DF OF
1 Ryan Nugent-Hopkins Frank Vatrano 50 1 2 2
2 Jack Hughes Jeff Skinner 50 1 2 2
4 vs 4 Defense
Defense Defense Time % Phy DF OF
1 Rasmus Dahlin Jamie Oleksiak 50 1 3 1
2 Brandon Montour Neal Pionk 50 1 3 1
Last Minutes Offensive
Center Left Wing Right Wing Defense Defense
Ryan Nugent-Hopkins Brock Nelson Jeff Skinner Neal Pionk Brandon Montour
Last Minutes Defensive
Center Left Wing Right Wing Defense Defense
Jonathan Toews Ryan Nugent-Hopkins Adam Lowry Neal Pionk Brandon Montour
Goaltenders
Starting : Antti Raanta
Backup : Stuart Skinner
Extra Forwards
Normal : Adam Lowry, Viktor Arvidsson, Jonathan Toews - PP : Adam Lowry, Viktor Arvidsson - PK : Jonathan Toews
Extra Defensemen
Normal : Neal Pionk, Sean Durzi, Jamie Oleksiak - PP : Rasmus Dahlin - PK : Sean Durzi, Jamie Oleksiak
Penalty Shots
Ryan Nugent-Hopkins, Evgeni Malkin, Brock Nelson, Jeff Skinner, Viktor Arvidsson
Edmonton Oilers
5 vs 5 Forward
Center Left Wing Right Wing Time % Phy DF OF
1 Boone Jenner Adrian Kempe David Perron 34 1 1 3
2 Mikael Backlund Jake DeBrusk Brock Boeser 34 0 2 3
3 Jeff Carter Alex Iafallo Blake Wheeler 20 1 2 2
4 Derek Grant Tanner Jeannot Dawson Mercer 12 1 3 1
5 vs 5 Defense
Defense Defense Time % Phy DF OF
1 Jacob Trouba Brandon Carlo 35 1 3 1
2 Brett Pesce Evan Bouchard 35 0 2 3
3 Ryker Evans Scott Mayfield 25 1 3 1
4 Brandon Carlo Scott Mayfield 5 1 4 0
PowerPlay Forward
Center Left Wing Right Wing Time % Phy DF OF
1 Boone Jenner Adrian Kempe Brock Boeser 60 1 0 4
2 Mikael Backlund Jake DeBrusk David Perron 40 1 0 4
PowerPlay Defense
Defense Defense Time % Phy DF OF
1 Evan Bouchard Blake Wheeler 60 1 1 3
2 Brett Pesce Dawson Mercer 40 0 2 3
Penalty Kill 4 Players Forward
Center Wing Time % Phy DF OF
1 Derek Grant Tanner Jeannot 53 1 4 0
2 Jeff Carter Alex Iafallo 47 1 4 0
Penalty Kill 4 Players Defense
Defense Defense Time % Phy DF OF
1 Brandon Carlo Jacob Trouba 50 2 3 0
2 Scott Mayfield Evan Bouchard 50 2 3 0
Penalty Kill - 3 Players Forward
Forward Time % Phy DF OF
1 Derek Grant 50 1 4 0
2 Mikael Backlund 50 1 4 0
Penalty Kill - 3 Players Defense
Defense Defense Time % Phy DF OF
1 Brandon Carlo Jacob Trouba 50 1 4 0
2 Scott Mayfield Evan Bouchard 50 1 4 0
4 vs 4 Forward
Center Wing Time % Phy DF OF
1 Boone Jenner Adrian Kempe 50 1 2 2
2 Mikael Backlund Brock Boeser 50 0 2 3
4 vs 4 Defense
Defense Defense Time % Phy DF OF
1 Jacob Trouba Brandon Carlo 50 1 3 1
2 Scott Mayfield Evan Bouchard 50 1 1 3
Last Minutes Offensive
Center Left Wing Right Wing Defense Defense
Boone Jenner Adrian Kempe Brock Boeser Brett Pesce Evan Bouchard
Last Minutes Defensive
Center Left Wing Right Wing Defense Defense
Mikael Backlund Derek Grant Tanner Jeannot Brandon Carlo Scott Mayfield
Goaltenders
Starting : Juuse Saros
Backup : Matt Murray
Extra Forwards
Normal : Brock Boeser, Adrian Kempe, Boone Jenner - PP : Jake DeBrusk, Brock Boeser - PK : Mikael Backlund
Extra Defensemen
Normal : Evan Bouchard, Jacob Trouba, Brandon Carlo - PP : Jacob Trouba - PK : Brett Pesce, Brandon Carlo
Penalty Shots
Boone Jenner, Adrian Kempe, Brock Boeser, Jake DeBrusk, Dawson Mercer
% Time on Ice - Minnesota North Stars
Lines # - Real PCT - Wanted PCT - Time Play
Normal Forward
1 - 27% - 29% - 14:12
2 - 28% - 29% - 14:32
3 - 27% - 29% - 14:12
4 - 19% - 13% - 9:48
Normal Defense
1 - 30% - 34% - 15:56
2 - 30% - 33% - 16:03
3 - 33% - 33% - 17:26
4 - 6% - 0% - 3:19
PP Forward
1 - 45% - 50% - 1:48
2 - 55% - 50% - 2:10
PP Defense
1 - 56% - 50% - 2:13
2 - 44% - 50% - 1:45
PK Forward
1 - 47% - 50% - 1:00
2 - 53% - 50% - 1:07
PK Defense
1 - 56% - 50% - 1:11
2 - 44% - 50% - 0:56
PK3 Forward
1 - 0% - 50%
2 - 0% - 50%
PK3 Defense
1 - 0% - 50%
2 - 0% - 50%
44 Forward
1 - 0% - 50%
2 - 0% - 50%
44 Defense
1 - 0% - 50%
2 - 0% - 50%
Last Minute Offensive - 1:11
Last Minute Defensive - 0:00
Total
Forward - 60:00
Defense - 60:00
|
% Time on Ice - Edmonton Oilers
Lines # - Real PCT - Wanted PCT - Time Play
Normal Forward
1 - 30% - 34% - 16:04
2 - 33% - 34% - 17:26
3 - 20% - 20% - 10:38
4 - 16% - 12% - 8:35
Normal Defense
1 - 35% - 35% - 18:23
2 - 35% - 35% - 18:15
3 - 26% - 25% - 13:36
4 - 5% - 5% - 2:29
PP Forward
1 - 59% - 60% - 1:15
2 - 41% - 40% - 0:52
PP Defense
1 - 51% - 60% - 1:05
2 - 49% - 40% - 1:02
PK Forward
1 - 55% - 53% - 2:11
2 - 45% - 47% - 1:47
PK Defense
1 - 46% - 50% - 1:49
2 - 54% - 50% - 2:09
PK3 Forward
1 - 0% - 50%
2 - 0% - 50%
PK3 Defense
1 - 0% - 50%
2 - 0% - 50%
44 Forward
1 - 0% - 50%
2 - 0% - 50%
44 Defense
1 - 0% - 50%
2 - 0% - 50%
Last Minute Offensive - 0:00
Last Minute Defensive - 1:12
Total
Forward - 60:00
Defense - 60:00
|
Play-by-Play
1st period
0:01 of 1st period - Boone Jenner wins face-off versus Ryan Nugent-Hopkins in neutral zone.
0:39 of 1st period - Slapshot by Jack Hughes.
0:39 of 1st period - Shot Blocked by Brett Pesce.
0:51 of 1st period - Zach Parise is hit by Mikael Backlund.
1:19 of 1st period - Wrist shot by Blake Wheeler.
1:19 of 1st period - Shot Misses the Net.
1:31 of 1st period - Wrist shot by Jack Hughes.
1:31 of 1st period - Shot Misses the Net.
1:52 of 1st period - Slapshot by Jake DeBrusk.
1:52 of 1st period - Stopped by Antti Raanta with a rebound.
2:00 of 1st period - Wrist shot by Jeff Skinner.
2:00 of 1st period - Shot Misses the Net.
2:02 of 1st period - Wrist shot by Brock Nelson.
2:02 of 1st period - Stopped by Juuse Saros with a rebound.
2:56 of 1st period - Backhand shot by Tanner Jeannot.
2:56 of 1st period - Shot Misses the Net.
2:58 of 1st period - Slapshot by Brett Pesce.
2:58 of 1st period - Shot Misses the Net.
3:00 of 1st period - Snap shot by Derek Grant.
3:00 of 1st period - Shot Blocked by Derick Brassard.
3:36 of 1st period - Slapshot by Alex Iafallo.
3:36 of 1st period - Shot Hit the Post.
3:38 of 1st period - Wrist shot by Jeff Carter.
3:38 of 1st period - Shot Misses the Net.
3:40 of 1st period - Wrist shot by Jeff Carter.
3:40 of 1st period - Shot Blocked by Zach Parise.
3:42 of 1st period - Wrist shot by Brandon Carlo.
3:42 of 1st period - Stopped by Antti Raanta with a rebound.
3:44 of 1st period - Snap shot by Jeff Carter.
3:44 of 1st period - Stopped by Antti Raanta with a rebound.
4:20 of 1st period - Wrist shot by Ryan Nugent-Hopkins.
4:20 of 1st period - Shot Misses the Net.
4:22 of 1st period - Wrist shot by Ryan Nugent-Hopkins.
4:22 of 1st period - Stopped by Juuse Saros with a rebound.
4:24 of 1st period - Wrist shot by Neal Pionk.
4:24 of 1st period - Stopped by Juuse Saros without a rebound.
4:25 of 1st period - Mikael Backlund wins face-off versus Evgeni Malkin in Edmonton Oilers zone.
4:55 of 1st period - Wrist shot by Adrian Kempe.
4:55 of 1st period - Shot Misses the Net.
4:57 of 1st period - Slapshot by Adrian Kempe.
4:57 of 1st period - Stopped by Antti Raanta with a rebound.
4:59 of 1st period - Slapshot by Brandon Carlo.
4:59 of 1st period - Shot Blocked by Brandon Montour.
5:15 of 1st period - Scott Mayfield is hit by Jack Hughes and loses puck.
5:58 of 1st period - Wrist shot by Derick Brassard.
5:58 of 1st period - Stopped by Juuse Saros without a rebound.
5:59 of 1st period - Boone Jenner wins face-off versus Adam Lowry in Edmonton Oilers zone.
6:14 of 1st period - Derick Brassard is hit by David Perron and loses puck.
6:28 of 1st period - Brandon Montour is hit by Scott Mayfield and loses puck.
6:34 of 1st period - Icing by Jonathan Toews.
6:35 of 1st period - Mikael Backlund wins face-off versus Adam Lowry in Minnesota North Stars zone.
6:38 of 1st period - Wrist shot by Mikael Backlund.
6:38 of 1st period - Shot Blocked by Adam Lowry.
6:48 of 1st period - Snap shot by Derick Brassard.
6:48 of 1st period - Shot Blocked by Evan Bouchard.
6:54 of 1st period - Wrist shot by Jonathan Toews.
6:54 of 1st period - Shot Blocked by Evan Bouchard.
7:22 of 1st period - Slapshot by Jake DeBrusk.
7:22 of 1st period - Stopped by Antti Raanta with a rebound.
7:30 of 1st period - Snap shot by Rasmus Dahlin.
7:30 of 1st period - Stopped by Juuse Saros with a rebound.
8:10 of 1st period - Wrist shot by Jonathan Toews.
8:10 of 1st period - Shot Blocked by Brock Boeser.
8:14 of 1st period - Snap shot by Jonathan Toews.
8:14 of 1st period - Shot Misses the Net.
8:16 of 1st period - Slapshot by Rasmus Dahlin.
8:16 of 1st period - Deflect By Mikael Backlund.
8:16 of 1st period - Stopped by Juuse Saros without a rebound.
8:17 of 1st period - Boone Jenner wins face-off versus Evan Rodrigues in Edmonton Oilers zone.
8:55 of 1st period - Wrist shot by Jeff Skinner.
8:55 of 1st period - Goal by Jeff Skinner - Minnesota North Stars : 1 - Edmonton Oilers : 0.
8:56 of 1st period - Evgeni Malkin wins face-off versus Boone Jenner in neutral zone.
9:21 of 1st period - Brandon Carlo is hit by Ryan Nugent-Hopkins and loses puck.
9:32 of 1st period - Snap shot by Jeff Skinner.
9:32 of 1st period - Shot Misses the Net.
9:34 of 1st period - Snap shot by Ryan Nugent-Hopkins.
9:34 of 1st period - Shot Blocked by Boone Jenner.
10:29 of 1st period - Icing by Neal Pionk.
10:30 of 1st period - Mikael Backlund wins face-off versus Ryan Nugent-Hopkins in Minnesota North Stars zone.
10:31 of 1st period - Wrist shot by Jake DeBrusk.
10:31 of 1st period - Shot Misses the Net.
10:37 of 1st period - Snap shot by Brock Nelson.
10:37 of 1st period - Stopped by Juuse Saros without a rebound.
10:38 of 1st period - Jeff Carter wins face-off versus Evgeni Malkin in Edmonton Oilers zone.
10:49 of 1st period - Snap shot by Blake Wheeler.
10:49 of 1st period - Deflect By Neal Pionk.
10:49 of 1st period - Shot Blocked by Neal Pionk.
10:49 of 1st period - Puck is out of play.
10:50 of 1st period - Boone Jenner wins face-off versus Jack Hughes in Minnesota North Stars zone.
10:59 of 1st period - Snap shot by Viktor Arvidsson.
10:59 of 1st period - Deflect By Jack Hughes.
10:59 of 1st period - Shot Misses the Net.
10:59 of 1st period - Puck is out of play.
11:00 of 1st period - Boone Jenner wins face-off versus Jack Hughes in Edmonton Oilers zone.
11:21 of 1st period - Wrist shot by Jack Hughes.
11:21 of 1st period - Stopped by Juuse Saros without a rebound.
11:22 of 1st period - Evgeni Malkin wins face-off versus Mikael Backlund in Edmonton Oilers zone.
11:23 of 1st period - Slapshot by Frank Vatrano.
11:23 of 1st period - Shot Blocked by Jacob Trouba.
12:02 of 1st period - Snap shot by Ryan Nugent-Hopkins.
12:02 of 1st period - Stopped by Juuse Saros with a rebound.
12:30 of 1st period - Brandon Carlo is hit by Derick Brassard and loses puck.
12:37 of 1st period - Wrist shot by Dawson Mercer.
12:37 of 1st period - Deflect By Derek Grant.
12:37 of 1st period - Stopped by Antti Raanta with a rebound.
12:56 of 1st period - Frank Vatrano is hit by Jake DeBrusk and loses puck.
13:13 of 1st period - Brett Pesce is hit by Brock Nelson and loses puck.
13:38 of 1st period - Brett Pesce is hit by Sean Durzi and loses puck.
13:59 of 1st period - Wrist shot by Evgeni Malkin.
13:59 of 1st period - Shot Misses the Net.
14:01 of 1st period - Slapshot by Evgeni Malkin.
14:01 of 1st period - Shot Blocked by Dawson Mercer.
14:03 of 1st period - Snap shot by Evgeni Malkin.
14:03 of 1st period - Shot Blocked by Derek Grant.
14:05 of 1st period - Snap shot by Zach Parise.
14:05 of 1st period - Stopped by Juuse Saros with a rebound.
14:25 of 1st period - Wrist shot by Mikael Backlund.
14:25 of 1st period - Stopped by Antti Raanta with a rebound.
14:35 of 1st period - Mikael Backlund is hit by Rasmus Dahlin and loses puck.
14:46 of 1st period - Slapshot by Rasmus Dahlin.
14:46 of 1st period - Shot Blocked by Scott Mayfield.
14:50 of 1st period - Snap shot by Jonathan Toews.
14:50 of 1st period - Stopped by Juuse Saros without a rebound.
14:51 of 1st period - Ryan Nugent-Hopkins wins face-off versus Adrian Kempe in Edmonton Oilers zone.
14:55 of 1st period - Icing by Adrian Kempe.
14:56 of 1st period - Ryan Nugent-Hopkins wins face-off versus Boone Jenner in Edmonton Oilers zone.
16:13 of 1st period - Snap shot by Jeff Skinner.
16:13 of 1st period - Shot Misses the Net.
16:33 of 1st period - Snap shot by David Perron.
16:33 of 1st period - Shot Misses the Net.
17:03 of 1st period - Brock Nelson is hit by Adrian Kempe and loses puck.
17:12 of 1st period - Snap shot by Adrian Kempe.
17:12 of 1st period - Shot Blocked by Ryan Nugent-Hopkins.
18:40 of 1st period - Icing by Adrian Kempe.
18:41 of 1st period - Boone Jenner wins face-off versus Evgeni Malkin in Edmonton Oilers zone.
18:41 of 1st period - Boone Jenner is hit by Evgeni Malkin.
19:09 of 1st period - Snap shot by Boone Jenner.
19:09 of 1st period - Stopped by Antti Raanta without a rebound.
19:10 of 1st period - Mikael Backlund wins face-off versus Jack Hughes in Minnesota North Stars zone.
19:13 of 1st period - Slapshot by Brock Boeser.
19:13 of 1st period - Stopped by Antti Raanta with a rebound.
19:43 of 1st period - Wrist shot by Jack Hughes.
19:43 of 1st period - Stopped by Juuse Saros with a rebound.
Goals for this period are 1 for Minnesota North Stars vs 0 for Edmonton Oilers.
Shots for this period are 13 for Minnesota North Stars vs 9 for Edmonton Oilers.
2nd period
0:01 of 2nd period - Jeff Carter wins face-off versus Evgeni Malkin in neutral zone.
0:14 of 2nd period - Slapshot by Frank Vatrano.
0:14 of 2nd period - Stopped by Juuse Saros with a rebound.
0:23 of 2nd period - Icing by Jamie Oleksiak.
0:24 of 2nd period - Mikael Backlund wins face-off versus Jack Hughes in Minnesota North Stars zone.
0:27 of 2nd period - Slapshot by Brock Boeser.
0:27 of 2nd period - Shot Blocked by Jamie Oleksiak.
0:33 of 2nd period - Mikael Backlund is hit by Rasmus Dahlin and loses puck.
1:17 of 2nd period - Slapshot by Alex Iafallo.
1:17 of 2nd period - Shot Misses the Net.
1:31 of 2nd period - Snap shot by Alex Iafallo.
1:31 of 2nd period - Stopped by Antti Raanta with a rebound.
1:33 of 2nd period - Slapshot by Blake Wheeler.
1:33 of 2nd period - Stopped by Antti Raanta with a rebound.
1:35 of 2nd period - Slapshot by Scott Mayfield.
1:35 of 2nd period - Stopped by Antti Raanta with a rebound.
1:37 of 2nd period - Minor Penalty to Sean Durzi for Roughing.
1:38 of 2nd period - Boone Jenner wins face-off versus Jonathan Toews in Minnesota North Stars zone.
1:39 of 2nd period - Backhand shot by Brock Boeser.
1:39 of 2nd period - Stopped by Antti Raanta without a rebound.
1:40 of 2nd period - Boone Jenner wins face-off versus Jonathan Toews in Minnesota North Stars zone.
1:43 of 2nd period - Slapshot by Brock Boeser.
1:43 of 2nd period - Shot Misses the Net.
1:45 of 2nd period - Snap shot by Adrian Kempe.
1:45 of 2nd period - Goal by Adrian Kempe - Minnesota North Stars : 1 - Edmonton Oilers : 1.
1:46 of 2nd period - Mikael Backlund wins face-off versus Evgeni Malkin in neutral zone.
1:51 of 2nd period - Slapshot by Mikael Backlund.
1:51 of 2nd period - Shot Misses the Net.
2:24 of 2nd period - Mikael Backlund is hit by Sean Durzi and loses puck.
2:44 of 2nd period - Wrist shot by Blake Wheeler.
2:44 of 2nd period - Stopped by Antti Raanta without a rebound.
2:45 of 2nd period - Alex Iafallo wins face-off versus Evgeni Malkin in Minnesota North Stars zone.
3:14 of 2nd period - Snap shot by Boone Jenner.
3:14 of 2nd period - Stopped by Antti Raanta without a rebound.
3:15 of 2nd period - Boone Jenner wins face-off versus Jack Hughes in Minnesota North Stars zone.
3:16 of 2nd period - Snap shot by David Perron.
3:16 of 2nd period - Deflect By Adrian Kempe.
3:16 of 2nd period - Stopped by Antti Raanta without a rebound.
3:17 of 2nd period - Jack Hughes wins face-off versus Boone Jenner in Minnesota North Stars zone.
3:38 of 2nd period - Snap shot by Adrian Kempe.
3:38 of 2nd period - Deflect By David Perron.
3:38 of 2nd period - Stopped by Antti Raanta without a rebound.
3:39 of 2nd period - Mikael Backlund wins face-off versus Evgeni Malkin in Minnesota North Stars zone.
4:12 of 2nd period - Snap shot by Jack Hughes.
4:12 of 2nd period - Stopped by Juuse Saros without a rebound.
4:13 of 2nd period - Jeff Carter wins face-off versus Jack Hughes in Edmonton Oilers zone.
4:18 of 2nd period - Sean Durzi is hit by Alex Iafallo and loses puck.
4:33 of 2nd period - Jeff Carter is hit by Viktor Arvidsson and loses puck.
4:51 of 2nd period - Snap shot by Alex Iafallo.
4:51 of 2nd period - Deflect By Evan Rodrigues.
4:51 of 2nd period - Shot Misses the Net.
4:51 of 2nd period - Puck is out of play.
4:52 of 2nd period - Evgeni Malkin wins face-off versus Mikael Backlund in Minnesota North Stars zone.
5:05 of 2nd period - Wrist shot by Mikael Backlund.
5:05 of 2nd period - Stopped by Antti Raanta without a rebound.
5:06 of 2nd period - Mikael Backlund wins face-off versus Evgeni Malkin in Minnesota North Stars zone.
5:22 of 2nd period - Snap shot by Brock Boeser.
5:22 of 2nd period - Stopped by Antti Raanta without a rebound.
5:23 of 2nd period - Jack Hughes wins face-off versus Derek Grant in Minnesota North Stars zone.
5:54 of 2nd period - Snap shot by Viktor Arvidsson.
5:54 of 2nd period - Stopped by Juuse Saros without a rebound.
5:55 of 2nd period - Brock Boeser wins face-off versus Evgeni Malkin in Edmonton Oilers zone.
6:31 of 2nd period - Wrist shot by Brock Boeser.
6:31 of 2nd period - Shot Blocked by Sean Durzi.
7:09 of 2nd period - Minor Penalty to Mikael Backlund for Cross-checking.
7:10 of 2nd period - Derek Grant wins face-off versus Jack Hughes in Edmonton Oilers zone.
7:24 of 2nd period - Slapshot by Brock Nelson.
7:24 of 2nd period - Stopped by Juuse Saros with a rebound.
7:26 of 2nd period - Snap shot by Jack Hughes.
7:26 of 2nd period - Shot Misses the Net.
7:46 of 2nd period - Wrist shot by Jeff Carter.
7:46 of 2nd period - Stopped by Antti Raanta without a rebound.
7:47 of 2nd period - Ryan Nugent-Hopkins wins face-off versus Derek Grant in Minnesota North Stars zone.
8:14 of 2nd period - Off-side.
8:15 of 2nd period - Jeff Carter wins face-off versus Jack Hughes in neutral zone.
8:24 of 2nd period - Wrist shot by Brandon Montour.
8:24 of 2nd period - Deflect By Jeff Carter.
8:24 of 2nd period - Stopped by Juuse Saros with a rebound.
8:36 of 2nd period - Derek Grant is hit by Brock Nelson and loses puck.
8:47 of 2nd period - Slapshot by Frank Vatrano.
8:47 of 2nd period - Stopped by Juuse Saros without a rebound.
8:48 of 2nd period - Ryan Nugent-Hopkins wins face-off versus Derek Grant in Edmonton Oilers zone.
9:09 of 2nd period - Penalty to Mikael Backlund is over, Mikael Backlund is back on ice.
9:23 of 2nd period - Snap shot by Brock Boeser.
9:23 of 2nd period - Shot Misses the Net.
9:25 of 2nd period - Wrist shot by Mikael Backlund.
9:25 of 2nd period - Stopped by Antti Raanta with a rebound.
9:43 of 2nd period - Rasmus Dahlin is hit by Jacob Trouba and loses puck.
10:41 of 2nd period - Derick Brassard is hit by Alex Iafallo and loses puck.
11:00 of 2nd period - Snap shot by Dawson Mercer.
11:00 of 2nd period - Shot Misses the Net.
11:02 of 2nd period - Slapshot by Evan Bouchard.
11:02 of 2nd period - Stopped by Antti Raanta without a rebound.
11:03 of 2nd period - Derek Grant wins face-off versus Jack Hughes in Minnesota North Stars zone.
11:04 of 2nd period - Wrist shot by Dawson Mercer.
11:04 of 2nd period - Shot Blocked by Neal Pionk.
11:28 of 2nd period - Jake DeBrusk is hit by Brandon Montour and loses puck.
11:39 of 2nd period - Snap shot by Jeff Skinner.
11:39 of 2nd period - Stopped by Juuse Saros with a rebound.
11:59 of 2nd period - Snap shot by David Perron.
11:59 of 2nd period - Stopped by Antti Raanta with a rebound.
12:01 of 2nd period - Snap shot by David Perron.
12:01 of 2nd period - Goal by David Perron - Minnesota North Stars : 1 - Edmonton Oilers : 2.
12:02 of 2nd period - Mikael Backlund wins face-off versus Jack Hughes in neutral zone.
12:05 of 2nd period - Evan Rodrigues is hit by Mikael Backlund and loses puck.
12:38 of 2nd period - Wrist shot by David Perron.
12:38 of 2nd period - Stopped by Antti Raanta with a rebound.
12:40 of 2nd period - Snap shot by Boone Jenner.
12:40 of 2nd period - Shot Misses the Net.
12:54 of 2nd period - Slapshot by Evgeni Malkin.
12:54 of 2nd period - Shot Blocked by Brett Pesce.
12:56 of 2nd period - Wrist shot by Frank Vatrano.
12:56 of 2nd period - Shot Misses the Net.
13:39 of 2nd period - Neal Pionk is hit by Tanner Jeannot and loses puck.
13:48 of 2nd period - Neal Pionk is hit by Scott Mayfield and loses puck.
14:31 of 2nd period - Snap shot by Derek Grant.
14:31 of 2nd period - Stopped by Antti Raanta without a rebound.
14:32 of 2nd period - Jack Hughes wins face-off versus Boone Jenner in Minnesota North Stars zone.
14:47 of 2nd period - Slapshot by Boone Jenner.
14:47 of 2nd period - Stopped by Antti Raanta with a rebound.
15:08 of 2nd period - Evgeni Malkin is hit by Brock Boeser and loses puck.
15:18 of 2nd period - Rasmus Dahlin is hit by Alex Iafallo and loses puck.
15:51 of 2nd period - Icing by Alex Iafallo.
15:52 of 2nd period - Jeff Carter wins face-off versus Jack Hughes in Edmonton Oilers zone.
15:52 of 2nd period - Jeff Carter is hit by Evan Rodrigues.
16:28 of 2nd period - Snap shot by Boone Jenner.
16:28 of 2nd period - Shot Blocked by Gustav Forsling.
17:05 of 2nd period - Backhand shot by Ryan Nugent-Hopkins.
17:05 of 2nd period - Stopped by Juuse Saros with a rebound.
17:11 of 2nd period - Rasmus Dahlin is hit by Tanner Jeannot and loses puck.
17:56 of 2nd period - Snap shot by Evgeni Malkin.
17:56 of 2nd period - Stopped by Juuse Saros without a rebound.
17:57 of 2nd period - Ryan Nugent-Hopkins wins face-off versus Jeff Carter in Edmonton Oilers zone.
19:20 of 2nd period - Slapshot by Dawson Mercer.
19:20 of 2nd period - Stopped by Antti Raanta without a rebound.
19:21 of 2nd period - Boone Jenner wins face-off versus Jack Hughes in Minnesota North Stars zone.
19:22 of 2nd period - Snap shot by David Perron.
19:22 of 2nd period - Shot Blocked by Viktor Arvidsson.
19:35 of 2nd period - Brandon Montour is hit by Adrian Kempe and loses puck.
19:48 of 2nd period - Neal Pionk is hit by Jeff Carter.
19:54 of 2nd period - Wrist shot by Jeff Skinner.
19:54 of 2nd period - Shot Misses the Net.
19:56 of 2nd period - Snap shot by Jeff Skinner.
19:56 of 2nd period - Stopped by Juuse Saros with a rebound.
Goals for this period are 0 for Minnesota North Stars vs 2 for Edmonton Oilers.
Shots for this period are 10 for Minnesota North Stars vs 20 for Edmonton Oilers.
3rd period
0:01 of 3rd period - Jack Hughes wins face-off versus Mikael Backlund in neutral zone.
1:15 of 3rd period - Jacob Trouba is hit by Brandon Montour and loses puck.
2:20 of 3rd period - Minor Penalty to Blake Wheeler for Slashing.
2:21 of 3rd period - Ryan Nugent-Hopkins wins face-off versus Derek Grant in Edmonton Oilers zone.
3:03 of 3rd period - Slapshot by Jeff Skinner.
3:03 of 3rd period - Shot Misses the Net.
4:20 of 3rd period - Penalty to Blake Wheeler is over, Blake Wheeler is back on ice.
6:02 of 3rd period - Jeff Skinner is hit by Blake Wheeler.
7:34 of 3rd period - Evan Rodrigues is hit by Boone Jenner and loses puck.
7:55 of 3rd period - Derek Grant is hit by Jeff Skinner and loses puck.
8:07 of 3rd period - Jamie Oleksiak is hit by Evan Bouchard and loses puck.
8:50 of 3rd period - Wrist shot by Derek Grant.
8:50 of 3rd period - Stopped by Antti Raanta without a rebound.
8:51 of 3rd period - Evgeni Malkin wins face-off versus Mikael Backlund in Minnesota North Stars zone.
9:08 of 3rd period - Slapshot by Brock Boeser.
9:08 of 3rd period - Shot Blocked by Sean Durzi.
9:34 of 3rd period - Rasmus Dahlin is hit by David Perron and loses puck.
10:25 of 3rd period - Icing by Sean Durzi.
10:26 of 3rd period - Jack Hughes wins face-off versus Mikael Backlund in Minnesota North Stars zone.
10:57 of 3rd period - Snap shot by Jake DeBrusk.
10:57 of 3rd period - Shot Blocked by Jonathan Toews.
11:13 of 3rd period - Wrist shot by Brock Boeser.
11:13 of 3rd period - Shot Misses the Net.
11:35 of 3rd period - Ryan Nugent-Hopkins is hit by Jeff Carter.
11:57 of 3rd period - Off-side.
11:58 of 3rd period - Derek Grant wins face-off versus Evgeni Malkin in neutral zone.
12:01 of 3rd period - Brandon Montour is hit by Derek Grant and loses puck.
12:14 of 3rd period - Slapshot by Frank Vatrano.
12:14 of 3rd period - Stopped by Juuse Saros without a rebound.
12:15 of 3rd period - Boone Jenner wins face-off versus Ryan Nugent-Hopkins in Edmonton Oilers zone.
12:42 of 3rd period - Jake DeBrusk is hit by Zach Parise and loses puck.
13:38 of 3rd period - Snap shot by Adrian Kempe.
13:38 of 3rd period - Shot Misses the Net.
13:40 of 3rd period - Slapshot by Boone Jenner.
13:40 of 3rd period - Stopped by Antti Raanta without a rebound.
13:41 of 3rd period - Ryan Nugent-Hopkins wins face-off versus Mikael Backlund in Minnesota North Stars zone.
14:07 of 3rd period - Boone Jenner is hit by Viktor Arvidsson and loses puck.
14:30 of 3rd period - Gustav Forsling is hit by Scott Mayfield and loses puck.
14:58 of 3rd period - Minor Penalty to Sean Durzi for Hooking.
14:59 of 3rd period - Boone Jenner wins face-off versus Adam Lowry in Minnesota North Stars zone.
15:10 of 3rd period - Snap shot by Zach Parise.
15:10 of 3rd period - Shot Misses the Net.
15:26 of 3rd period - Jamie Oleksiak is hit by David Perron and loses puck.
16:58 of 3rd period - Penalty to Sean Durzi is over, Sean Durzi is back on ice.
17:51 of 3rd period - Snap shot by Viktor Arvidsson.
17:51 of 3rd period - Stopped by Juuse Saros with a rebound.
17:53 of 3rd period - Slapshot by Jamie Oleksiak.
17:53 of 3rd period - Stopped by Juuse Saros with a rebound.
18:13 of 3rd period - Brock Boeser is hit by Ryan Nugent-Hopkins and loses puck.
18:54 of 3rd period - Wrist shot by Alex Iafallo.
18:54 of 3rd period - Shot Misses the Net.
18:56 of 3rd period - Wrist shot by Tanner Jeannot.
18:56 of 3rd period - Stopped by Antti Raanta with a rebound.
18:58 of 3rd period - Snap shot by Alex Iafallo.
18:58 of 3rd period - Shot Misses the Net.
19:00 of 3rd period - Snap shot by Tanner Jeannot.
19:00 of 3rd period - Shot Misses the Net.
19:02 of 3rd period - Wrist shot by Scott Mayfield.
19:02 of 3rd period - Shot Blocked by Jamie Oleksiak.
19:04 of 3rd period - Snap shot by Derek Grant.
19:04 of 3rd period - Stopped by Antti Raanta without a rebound.
19:05 of 3rd period - John Tortorella call a timeout for Minnesota North Stars.
19:05 of 3rd period - Alex Iafallo wins face-off versus Ryan Nugent-Hopkins in Minnesota North Stars zone.
19:06 of 3rd period - Slapshot by Derek Grant.
19:06 of 3rd period - Shot Misses the Net.
19:08 of 3rd period - Snap shot by Derek Grant.
19:08 of 3rd period - Shot Misses the Net.
19:12 of 3rd period - Wrist shot by Derek Grant.
19:12 of 3rd period - Stopped by Antti Raanta without a rebound.
19:13 of 3rd period - Ryan Nugent-Hopkins wins face-off versus Alex Iafallo in Minnesota North Stars zone.
19:20 of 3rd period - Minnesota North Stars, Antti Raanta is pulled from the net.
19:29 of 3rd period - Off-side.
19:30 of 3rd period - Alex Iafallo wins face-off versus Ryan Nugent-Hopkins in neutral zone.
19:59 of 3rd period - Snap shot by Alex Iafallo.
19:59 of 3rd period - Goal by Alex Iafallo - Minnesota North Stars : 1 - Edmonton Oilers : 3.
19:59 of 3rd period - Antti Raanta from Minnesota North Stars was sent back in the game.
Goals for this period are 0 for Minnesota North Stars vs 1 for Edmonton Oilers.
Shots for this period are 3 for Minnesota North Stars vs 6 for Edmonton Oilers.
Back to the Top